 Dungeon Crawl Stone Soup version 0.27-a0-650-g8dd3ea4f36 (webtiles) character file.

Game seed: 15507235910449156714

56 inc the Scratcher (level 3, 17/17 HPs)
             Began as a Felid Chaos Knight on Mar 15, 2021.
             Was a Plaything of Xom.
             Quit the game on level 2 of the Dungeon.
             The game lasted 00:04:28 (2167 turns).

inc the Scratcher (Felid Chaos Knight)              Turns: 2167, Time: 00:04:29

Health: 17/17      AC:  1    Str: 14    XL:     3   Next: 71%
Magic:  4/4        EV: 18    Int: 13    God:    Xom [......]
Gold:   109        SH:  0    Dex: 16    Spells: 2/2 levels left
                                        Lives:  0   Deaths: 1

rFire    . . .     SeeInvis +     - Unarmed
rCold    . . .     Faith    .   (shield unavailable)
rNeg     . . .     Spirit   .   (armour unavailable)
rPois    .         Reflect  .   (helmet unavailable)
rElec    .         Harm     .   (cloak unavailable)
rCorr    .         Rampage  .   (gloves unavailable)
Will     .....                  (boots unavailable)
Stlth    +++.......             (no amulet)
HPRegen  0.05/turn              b - +6 ring of strength
MPRegen  0.09/turn              (no ring)

@: quick
A: very small, claws 1, fangs 3, see invisible, speed 1, shaggy fur 1, stealthy
paws, no weapons or thrown items, no armour, multi-lived
a: Renounce Religion


You were on level 2 of the Dungeon.
You worshipped Xom.
You were a very special plaything of Xom.
You visited 1 branch of the dungeon, and saw 3 of its levels.

You collected 109 gold pieces.

Inventory:

Jewellery
 b - a +6 ring of strength (right paw)
Wands
 m - a wand of random effects (22)
Scrolls
 e - a scroll of random uselessness {unknown}
 g - a scroll of blinking {unknown}
 h - a scroll of teleportation {unknown}
 i - a scroll of magic mapping {unknown}
 j - 2 scrolls of identify {unknown}
 k - a scroll of enchant armour {unknown}
 l - a scroll of immolation {unknown}
Potions
 a - a potion of degeneration {unknown}
 c - a potion of lignification {unknown}
 d - a potion of flight
 f - 2 potions of attraction {unknown}


   Skills:
 - Level 3.0 Fighting
 - Level 3.2 Dodging
 + Level 2.5 Stealth
 * Level 5.1 Unarmed Combat


You had 2 spell levels left.
You didn't know any spells.
Your spell library was empty.

Dungeon Overview and Level Annotations

Branches:
Dungeon (3/15)

Altars:


Innate Abilities, Weirdness & Mutations

You have sharp claws.
You have razor-sharp teeth.
You have supernaturally acute eyesight. (SInv)
You cover ground quickly. (Speed+)
You are covered in fur. (AC +1)
Your stealthy paws help you sneak and pounce on unaware monsters.
You are incapable of wielding weapons or throwing items.
You cannot wear armour.
You gain extra lives every three experience levels.


Message History

You barely miss the adder.
The adder is moderately wounded.
The adder barely misses you.
You scratch the adder but do no damage. You bite the adder.
The adder is severely wounded.
The adder closely misses you.
You scratch the adder.
You kill the adder!
No target in view!
No target in view!
No target in view! "Time to have some fun!"
There are monsters nearby!
Unknown command.
You closely miss the crimson imp. The ufetubus completely misses you. x2
You scratch the crimson imp.
The crimson imp is moderately wounded.
The crimson imp misses you. The ufetubus hits you.
The ufetubus barely misses you. The sixfirhy barely misses you.
You barely miss the crimson imp. Your bite misses the crimson imp.
The crimson imp is lightly wounded.
The sixfirhy misses you. The sixfirhy barely misses you.
The ufetubus misses you. The ufetubus completely misses you.
The sixfirhy closely misses you. The crimson imp closely misses you.
The ufetubus hits you. x2
Okay, then.
It was a potion of flight.
You feel very buoyant.
You fly up into the air.
Xom is mildly amused.
The sixfirhy hits you!
Ouch! That really hurt!
You die...
The sixfirhy shocks you! The sixfirhy barely misses you. The sixfirhy hits you.
The sixfirhy shocks you! The crimson imp barely misses you.
The ufetubus misses you. The ufetubus closely misses you.
You are now level 3!
Xom thinks this is hilarious!
You rejoin the land of the living...
Are you sure you want to abandon this character and quit the game? (Confirm with "yes".)

#...###########5##.##......###
#................#.#..##.###
#...########.....#.#†.# .#
#...# #.....#.#..# .. #...#
#.....#.#..# #.# #...#
#.......<..# #.# #####
#.........## .### ##.........#
..# ###..@.......# #.#
##.)..........# ##.##
##..################....
#...)...................
####################.... #....
#.... #.... #####


There were no monsters in sight!

Vanquished Creatures
  5 adders (D:2)
  2 oozes (D:1)
  2 dart slugs
  A leopard gecko (D:1)
  6 giant cockroaches
  10 goblins
  4 hobgoblins
  2 jackals (D:1)
  6 kobolds
  9 bats
  2 frilled lizards (D:1)
  9 rats
58 creatures vanquished.

Notes
Turn   | Place    | Note
-------+----------+-------------------------------------------
     0 | D:1      | inc the Felid Chaos Knight began the quest for the Orb.
     0 | D:1      | Reached XP level 1. HP: 10/10 MP: 2/2
   170 | D:1      | Reached XP level 2. HP: 9/14 MP: 3/3
   505 | D:1      | XOM: smoke on damage
   697 | D:1      | Reached skill level 4 in Unarmed Combat
   928 | D:1      | Reached XP level 3. HP: 17/17 MP: 4/4
  1404 | D:2      | Reached skill level 1 in Stealth
  1433 | D:2      | XOM: summons 2 hostile demons
  1545 | D:2      | XOM: 2-stop teleportation journey
  1553 | D:2      | Reached XP level 4. HP: 20/21 MP: 5/5
  1559 | D:2      | XOM: 3-stop teleportation journey
  1765 | D:2      | Reached skill level 5 in Unarmed Combat
  2162 | D:2      | XOM: summons 3 hostile demons
  2163 | D:2      | Noticed a sixfirhy
  2166 | D:2      | Slain by a sixfirhy
  2167 | D:2      | Reached XP level 3. HP: -3/17 MP: 4/4
  2167 | D:2      | Quit the game

Illustrated notes

Levels and vault maps discovered:
D:1:      minmay_arrival_shattered_statue, layout_rooms, minivault_24
D:2:      minmay_general_purpose_star, layout_rooms
D:3:      layout_rooms, cheibriados_altar_1, uniq_sigmund, uniq_robin,
          uniq_natasha

Skill      XL: |  1  2  3  4 |
---------------+-------------+-----
Unarmed Combat | 4 5 |  5.1
Stealth        | 1 2 |  2.5
Fighting       | |  3.0
Dodging        | |  3.2

Action                   |  1- 3 |  4- 6 || total
-------------------------+-------+-------++-------
Melee: Unarmed           |    84 |    46 ||   130
       Bite              |     6 |     3 ||     9
  Use: Potion            |       |     1 ||     1
 Stab: Sleeping          |     8 |     3 ||    11
Armor: Skin              |    10 |     1 ||    11
Dodge: Dodged            |    73 |    40 ||   113

Table legend: (Time is in decaauts)
 A = Elapsed time spent in this place.
 B = Non-inter-level travel time spent in this place.
 C = Inter-level travel time spent in this place.
 D = Time resting spent in this place.
 E = Time spent auto-exploring this place.
 F = Levels seen in this place.
 G = Mean time per level.
                   A        B        C        D        E       F      G
               +--------+--------+--------+--------+--------+-----+--------+
         Total |   1942 |   1896 |     46 |    554 |    716 |   3 |  647.3 |
       Dungeon |   1942 |   1896 |     46 |    554 |    716 |   3 |  647.3 |
               +--------+--------+--------+--------+--------+-----+--------+

Top non-repeatable levels by time:
     D:1: 1274 daAuts
     D:2: 462 daAuts
     D:3: 204 daAuts
